 Dungeon Crawl Stone Soup version 0.31-a0-188-g5e087ee2ca (webtiles) character file.

Game seed: 17957165880976263223

777 qw the Skirmisher (level 7, 0/40 HPs)
             Began as a Deep Elf Hunter on June 22, 2023.
             Slain by Grinder (2 damage)
             ... while paralysed by Grinder
             ... on level 4 of the Dungeon.
             The game lasted 00:01:02 (2651 turns).

qw the Skirmisher (Deep Elf Hunter)                 Turns: 2651, Time: 00:01:02

Health: 0/40       AC:  9    Str: 10    XL:     7   Next: 54%
Magic:  9/9        EV:  2    Int: 14    God:
Gold:   147        SH:  0    Dex: 18    Spells: 6/6 levels left

rFire   . . .        Y - +1 shortbow (freeze)
rCold   . . .        (shield currently unavailable)
rNeg    . . .        i - +0 ring mail
rPois   .            (no helmet)
rElec   .            (no cloak)
rCorr   .            a - +1 pair of gloves {hurl}
SInv    .            (no boots)
Will    .....        (no amulet)
Stlth   +            (no ring)
HPRegen 0.26/turn    (no ring)
MPRegen 0.11/turn

%: no passive effects
@: paralysed
A: iridescent scales 1
a: no special abilities


You were on level 4 of the Dungeon.
You visited 1 branch of the dungeon, and saw 4 of its levels.

You collected 147 gold pieces.


Innate Abilities, Weirdness & Mutations

You are partially covered in iridescent scales. (AC +2)


   Skills:
 - Level 2.0 Fighting
 - Level 11.8 Ranged Weapons
 + Level 0.0 Armour
 - Level 3.0 Dodging
 - Level 1.2 Stealth


You had 6 spell levels left.
You didn't know any spells.
Your spell library was empty.

Inventory:

Hand Weapons
 Y - a +1 shortbow of freezing (weapon)
Armour
 a - a +1 pair of gloves of hurling (worn)
 i - a +0 ring mail (worn)
Jewellery
 g - a ring of fire
Potions
 b - a potion of degeneration {unknown}
 c - a potion of brilliance {unknown}
 d - a potion of invisibility {unknown}
 e - a potion of mutation
 j - a potion of attraction {unknown}

Dungeon Overview and Level Annotations

Branches:
Dungeon (4/15)
 Temple: D:4-7

Altars:
Ashenzari
Fedhas

Annotations:
D:4 Grinder


Message History

Found a stone staircase leading down.
Enter note:
Enter note:
Enter note: You shoot an arrow.
The arrow hits Grinder.
Grinder is lightly wounded.
You shoot an arrow. The arrow hits Grinder!
Grinder is moderately wounded.
You shoot an arrow. The arrow hits Grinder.
Grinder is heavily wounded.
Grinder gestures at you. Pain shoots through your body!
You shoot an arrow. The arrow hits Grinder.
Grinder is heavily wounded.
Grinder gestures at you. Pain shoots through your body!
You shoot an arrow. The arrow hits Grinder.
Grinder is severely wounded.
Grinder says, "Just stop there for a second..."
Grinder gestures at you.
You suddenly lose the ability to move!
Grinder drinks a potion.
Grinder is healed!
Grinder hits you.
You writhe in agony.
Grinder says, "DUCK!"
Grinder hits you.
You writhe in agony.
You can move again.
You shoot an arrow. The arrow barely misses Grinder.
Grinder hits you.
You writhe in agony.
You shoot an arrow. The arrow hits Grinder.
Grinder is heavily wounded.
Grinder hits you.
You writhe in agony.
You shoot an arrow.
The arrow hits Grinder but does no damage.
Grinder is heavily wounded.
Grinder gestures at you.
You suddenly lose the ability to move!
Grinder gestures at you.
You shrug off the repeated paralysis!
Grinder hits you.
You die...

..##.....##.....#..##...##
#..##.....##........#....#
...%.....###..####.......#
.........#... ##.....##
.........##... ##.#...#
..........#...####..#...#
..........#............##
...................#.#.#
...##.......##..@.######
....##..##.# ###.5# ....#
#. #.... .##.. ......> .#
.$........ .#.#.......
###....... ...#...


You could see Grinder.

Vanquished Creatures
  Pikel (D:3)
  Sigmund (D:2)
  Terence (D:2)
  An iguana (D:3)
  An orc wizard (D:3)
  4 adders
  3 orcs (D:3)
  6 ball pythons
  6 bats
  4 endoplasms
  3 giant cockroaches (D:1)
  4 goblins
  7 hobgoblins
  6 kobolds
  A quokka (D:1)
  3 frilled lizards
  A rat (D:2)
53 creatures vanquished.

Notes
Turn   | Place    | Note
-------+----------+-------------------------------------------
     0 | D:1      | qw the Deep Elf Hunter began the quest for the Orb.
     0 | D:1      | Reached XP level 1. HP: 12/12 MP: 3/3
     0 | D:1      | 0 ||| qw: Version: 0.3-a-9-g12657ce
     0 | D:1      | 0 ||| qw: Game counter: 2747
     0 | D:1      | 0 ||| qw: Always use a shield: true
     0 | D:1      | 0 ||| qw: God list: Okawaru
     0 | D:1      | 0 ||| qw: Allow faded altars: false
     0 | D:1      | 0 ||| qw: Do Orc after D:15 true
     0 | D:1      | 0 ||| qw: Do second Lair branch before Depths: true
     0 | D:1      | 0 ||| qw: Lair rune preference: random
     0 | D:1      | 0 ||| qw: Plans: Normal
     0 | D:1      | 0 ||| PLANNING D:1-11
   106 | D:1      | Reached skill level 6 in Ranged Weapons
   106 | D:1      | Reached XP level 2. HP: 16/16 MP: 4/4
   652 | D:1      | Reached XP level 3. HP: 20/20 MP: 5/5
   840 | D:1      | 840 ||| UPGRADING to +0 ring mail.
   850 | D:1      | 850 ||| DROPPING +0 leather armour.
   851 | D:1      | 851 ||| READING scroll labelled PUR HOYMIJ.
   851 | D:1      | Identified a scroll of acquirement
   851 | D:1      | 851 ||| ACQUIRING +1 pair of gloves of hurling
   851 | D:1      | Acquired a +1 pair of gloves of hurling
   853 | D:1      | 853 ||| UPGRADING to +1 pair of gloves of hurling.
   858 | D:1      | 858 ||| READING 2 scrolls labelled GOUPLA PEOTY.
   859 | D:1      | 859 ||| READING scroll labelled FUUHYO DAGG.
   860 | D:1      | 860 ||| READING scroll labelled MAOBUKA IBLU BASEO.
   861 | D:1      | 861 ||| DROPPING scroll of butterflies.
   862 | D:1      | 862 ||| DROPPING scroll of fear.
   946 | D:2      | Noticed Terence
   954 | D:2      | Killed Terence
   955 | D:2      | Reached skill level 7 in Ranged Weapons
  1102 | D:2      | Reached XP level 4. HP: 25/25 MP: 6/6
  1127 | D:2      | Noticed Sigmund
  1138 | D:2      | Killed Sigmund
  1139 | D:2      | Reached skill level 9 in Ranged Weapons
  1139 | D:2      | Reached XP level 5. HP: 13/29 MP: 7/7
  1428 | D:2      | 1428 ||| READING scroll labelled SUUPPE KAFF.
  1429 | D:2      | 1429 ||| READING scroll labelled MILE KEMOV.
  1430 | D:2      | 1430 ||| READING scroll labelled RIEXZUS NUBAN.
  1435 | D:2      | 1435 ||| READING scroll labelled LIWNUTWAMUI.
  1536 | D:2      | 1536 ||| DRINKING 2 clear potions.
  1536 | D:2      | Gained mutation: You are partially covered in iridescent
                  | scales. (AC +2) [potion of mutation]
  1537 | D:2      | 1537 ||| DRINKING 2 viscous coppery potions.
  1657 | D:3      | 1657 ||| Stepping ~*~*~tactically~*~*~ (outnumbered).
  1662 | D:3      | 1662 ||| Stepping ~*~*~tactically~*~*~ (outnumbered).
  1682 | D:3      | Reached XP level 6. HP: 10/35 MP: 8/8
  1688 | D:3      | 1688 ||| FLEEEEING.
  1805 | D:3      | Found a faded altar of an unknown god.
  1973 | D:3      | Found a blossoming altar of Fedhas.
  2043 | D:3      | Found a broken altar of Ashenzari.
  2169 | D:3      | 2169 ||| DROPPING scarf of harm.
  2170 | D:3      | 2170 ||| READING scroll labelled ZODOUDEMAI.
  2171 | D:3      | 2171 ||| READING scroll labelled PIP XYGUGI.
  2173 | D:3      | 2173 ||| Stepping ~*~*~tactically~*~*~ (cloud).
  2318 | D:4      | Noticed Pikel
  2327 | D:4      | 2327 ||| STAIRDANCE
  2329 | D:3      | HP: 8/35 [Pikel/+0 whip of flaming (3)]
  2330 | D:3      | 2330 ||| DRINKING potion of heal wounds.
  2337 | D:3      | Killed Pikel
  2338 | D:3      | Reached skill level 11 in Ranged Weapons
  2338 | D:3      | Reached XP level 7. HP: 14/40 MP: 9/9
  2444 | D:4      | 2444 ||| STAIRDANCE
  2547 | D:4      | Reached skill level 3 in Dodging
  2635 | D:4      | Noticed Grinder
  2643 | D:4      | Paralysed by Grinder for 3 turns
  2647 | D:4      | HP: 9/40 [Grinder (5)]
  2648 | D:4      | HP: 1/40 [Grinder (4)]
  2649 | D:4      | Paralysed by Grinder for 3 turns
  2651 | D:4      | Slain by Grinder

Levels and vault maps discovered:
D:1:      matt_arrival_refuge, layout_loops_ring, grunt_decor_resistance
D:2:      layout_rooms, chequers_avenue, uniq_terence, uniq_sigmund
D:3:      layout_basic, mainiacjoe_overflow_alcove_2,
          ashenzari_conservatory_becter,
          shapermc_ecumenical_altar_mp_ritualfount
D:4:      layout_cave_pools, minmay_temple_entry_nine_rooms, serial_shops, shop,
          uniq_eustachio, uniq_pikel, uniq_grinder, uniq_ijyb, uniq_menkaure

Skill      XL: |  1  2  3  4  5  6  7 |
---------------+----------------------+-----
Ranged Weapons | 6 7 9 11 | 11.8
Fighting       | 2 |  2.0
Dodging        | 3 |  3.0
Stealth        | |  1.2

Action                     |  1- 3 |  4- 6 |  7- 9 || total
---------------------------+-------+-------+-------++-------
   Fire: Shortbow          |    97 |    67 |    28 ||   192
    Use: Scroll            |     4 |     6 |       ||    10
         Potion            |       |     3 |       ||     3
 Armour: Leather armour    |    14 |       |       ||    14
         Ring mail         |     2 |    22 |       ||    24
  Dodge: Dodged            |    26 |    28 |     1 ||    55

Table legend:
 A = Non-vault XP
 B = Vault XP
 C = Vault XP percentage of total XP
 D = Non-vault monster count
 E = Vault monster count
 F = Vault count percentage of total count
                 A         B        C        D         E       F
            +---------+---------+-------+---------+---------+-------
      Total |     201 |     910 |  81.9 |      50 |       3 |   5.7
            +---------+---------+-------+---------+---------+-------
        D:1 |      45 |       0 |   0.0 |      27 |       0 |   0.0
        D:2 |      52 |     269 |  83.8 |      11 |       2 |  15.4
        D:3 |      89 |     641 |  87.8 |      10 |       1 |   9.1
        D:4 |      15 |       0 |   0.0 |       2 |       0 |   0.0
            +---------+---------+-------+---------+---------+-------
